 Dungeon Crawl Stone Soup version 0.31-a0-675-g238779eb0a (webtiles) character file.

Game seed: 18408268654760899867

118 GloriousHammer the Sneak (level 5, 0/28 HPs)
             Began as a Kobold Enchanter on Sept 6, 2023.
             Slain by a black bear (3 damage)
             ... on level 4 of the Dungeon.
             The game lasted 00:07:20 (3391 turns).

GloriousHammer the Sneak (Kobold Enchanter)         Turns: 3391, Time: 00:07:21

Health: 0/28       AC:  5    Str:  5    XL:     5   Next: 23%
Magic:  3/8        EV: 13    Int: 16    God:
Gold:   119        SH:  5    Dex: 24    Spells: 3/9 levels left

rFire   . . .        a - +1 dagger
rCold   . . .        j - +0 buckler
rNeg    . . .        e - +0 leather armour
rPois   +            l - +0 helmet
rElec   .            (no cloak)
rCorr   .            k - +0 pair of gloves
SInv    .            (no boots)
Will    .....        q - amulet of the acrobat
Stlth   ++++         P - ring of poison resistance
HPRegen 0.24/turn    D - +6 ring of dexterity
MPRegen 0.11/turn

%: acrobat
@: confusing by touch
A: small, no large weapons, nightstalker 3
a: no special abilities


You were on level 4 of the Dungeon.
You visited 1 branch of the dungeon, and saw 4 of its levels.

You collected 119 gold pieces.

Inventory:

Hand Weapons
 a - a +1 dagger (weapon)
Missiles
 d - 3 poisoned darts
Armour
 b - a +0 robe
 e - a +0 leather armour (worn)
 j - a +0 buckler (worn)
 k - a +0 pair of gloves (worn)
 l - a +0 helmet (worn)
Jewellery
 q - an amulet of the acrobat (around neck)
 u - an amulet of magic regeneration
 D - a +6 ring of dexterity (right hand)
 P - a ring of poison resistance (left hand)
Scrolls
 f - a scroll of poison {unknown}
 g - 4 scrolls of identify {unknown}
 i - 2 scrolls of teleportation {unknown}
 m - 2 scrolls of amnesia {unknown}
 n - a scroll of enchant weapon {unknown}
 o - a scroll of fear {unknown}
 p - a scroll of fog {unknown}
 t - a scroll of noise {unknown}
 v - a scroll of enchant armour {unknown}
 w - a scroll of acquirement {unknown}
Potions
 c - 3 potions of invisibility
 h - a potion of enlightenment {unknown}
 r - 2 potions of haste {unknown}
 s - a potion of curing {unknown}
 x - 2 potions of mutation {unknown}


   Skills:
 + Level 2.8 Short Blades
 + Level 0.6 Armour
 - Level 2.4 Dodging
 * Level 5.6 Stealth
 + Level 0.8 Shields
 - Level 2.6 Spellcasting
 + Level 3.6 Hexes


You had 3 spell levels left.
You knew the following spells:

 Your Spells              Type           Power      Damage    Failure   Level
a - Confusing Touch       Hex            13%        N/A       38%         3
b - Tukima's Dance        Hex            13%        N/A       38%         3

Your spell library contained the following spells:

 Spells                   Type           Power      Damage    Failure   Level
 Ensorcelled Hibernation  Hex/Ice        14%        N/A       41%         2
 Dazzling Flash           Conj/Hex       14%        N/A       65%         3
 Lesser Beckoning         Tloc           4%         N/A       67%         2
 Sublimation of Blood     Necr           2%         N/A       67%         2
 Gell's Gravitas          Tloc           2%         N/A       88%         3
 Teleport Other           Tloc           2%         N/A       88%         3
 Petrify                  Tmut/Erth      2%         N/A       99%         4
 Irradiate                Conj/Tmut      1%         3d12      100%        5


Dungeon Overview and Level Annotations

Branches:
Dungeon (4/15)
 Temple: D:4-7

Altars:
Gozag
Makhleb
Yredelemnul

Annotations:
D:1 fly vault
D:3 fly vault


Innate Abilities, Weirdness & Mutations

You are small and have problems with some larger weapons.
You are completely attuned to the shadows.


Message History

Annotate which branch? (. - D:3, ? - help, ! - show branch list) New annotation for D:3 (include '!' for warning): .
Annotate which branch? (. - D:3, ? - help, ! - show branch list) Current level annotation: .
New annotation for D:3 (include '!' for warning): fly vault
There is a stone staircase leading down here.
Search for what [Enter for "."]? .
You climb downwards.
There is a stone staircase leading up here.
Found a stone staircase leading down.
The helpless hobgoblin fails to defend itself.
You impale the hobgoblin!!
You kill the hobgoblin!
You see here a hobgoblin corpse.
You now have 103 gold pieces (gained 11).
You now have 113 gold pieces (gained 10).
You now have 119 gold pieces (gained 6).
A jelly comes into view.
A jelly is nearby!
A jelly is nearby!
The helpless jelly fails to defend itself.
You stick the jelly like a pincushion!!!
You kill the jelly!
You have reached level 5!
You feel agile.
Found a short sword.
An adder comes into view.
You see here 4 gold pieces.
An adder is nearby!
A black bear comes into view.
The black bear misses you. You block the black bear's attack.
The black bear completely misses you.
The adder hisses angrily.
You hit the black bear.
The black bear is moderately wounded.
The adder misses you. The black bear completely misses you.
The black bear closely misses you. The black bear claws you.
The adder attacks as it pursues you! The adder misses you.
The black bear barely misses you. The black bear closely misses you.
The black bear completely misses you. The adder barely misses you.
The adder attacks as it pursues you! You block the adder's attack.
The black bear attacks as it pursues you!
The black bear completely misses you. The black bear barely misses you.
The black bear closely misses you.
You see here 4 gold pieces.
The black bear attacks as it pursues you!
The black bear bites you. The black bear completely misses you.
The black bear claws you.
Casting: Confusing Touch (extremely dangerous; 38% risk of failure)
Confirm with . or Enter, or press ? or * to list all spells.
You miscast Confusing Touch.
You are very lightly contaminated with residual magic.
Nothing appears to happen.
The black bear bites you but does no damage.
The black bear closely misses you. x2
You hit the black bear.
The black bear is moderately wounded.
The black bear misses you. x2
The black bear claws you but does no damage.
You hit the black bear.
The black bear is moderately wounded.
You block the black bear's attack.
The black bear claws you but does no damage.
The black bear closely misses you.
Casting: Confusing Touch (extremely dangerous; 38% risk of failure)
Confirm with . or Enter, or press ? or * to list all spells.
Your hands begin to glow red.
The black bear bites you.
The black bear claws you but does no damage.
The black bear misses you.
You hit the black bear but do no damage.
The black bear is moderately wounded.
The black bear closely misses you.
The black bear claws you but does no damage.
You block the black bear's attack.
You hit the black bear but do no damage.
The black bear is moderately wounded.
The black bear closely misses you. The black bear misses you.
The black bear claws you.
You hit the black bear but do no damage.
The black bear is moderately wounded.
The black bear misses you. The black bear barely misses you.
The black bear claws you but does no damage.
You hit the black bear but do no damage.
The black bear is moderately wounded.
You block the black bear's attack.
The black bear claws you but does no damage.
The black bear closely misses you.
Your magical contamination has completely faded away.
You hit the black bear but do no damage.
The black bear is moderately wounded.
The black bear bites you.
The black bear claws you but does no damage.
The black bear claws you.
* * * LOW HITPOINT WARNING * * *
You hit the black bear but do no damage.
The black bear is moderately wounded.
You block the black bear's attack. The black bear claws you.
* * * LOW HITPOINT WARNING * * *
The black bear claws you.
You die...

#...######.###
#..........#
#...######.# #####
#.# .....# #.###
#..#.## #...#
#.....# #.#.#
#.....########.#.#
#.....Sh@......#.#
#....#########.#.#
.....# #.# ##...#
#.# #...# #.#


You could see a black bear and an adder.

Vanquished Creatures
  A jelly (D:4)
  An adder (D:2)
  3 dart slugs
  4 orcs (D:3)
  6 ball pythons
  8 bats
  5 endoplasms
  3 giant cockroaches
  7 goblins
  6 hobgoblins
  4 quokkas
  2 frilled lizards (D:3)
  4 kobolds
  10 rats
64 creatures vanquished.

Notes
Turn   | Place    | Note
-------+----------+-------------------------------------------
     0 | D:1      | GloriousHammer the Kobold Enchanter began the quest for the
                  | Orb.
     0 | D:1      | Reached XP level 1. HP: 10/10 MP: 3/3
    89 | D:1      | Reached XP level 2. HP: 15/15 MP: 5/5
   193 | D:1      | Found a faded altar of an unknown god.
   560 | D:1      | Reached XP level 3. HP: 19/19 MP: 6/6
  1336 | D:1      | Learned a level 3 spell: Confusing Touch
  1340 | D:1      | Learned a level 3 spell: Tukima's Dance
  1613 | D:2      | Found a burning altar of Makhleb.
  1658 | D:2      | Reached skill level 5 in Stealth
  1730 | D:2      | Reached XP level 4. HP: 24/24 MP: 7/7
  2914 | D:3      | Found a basalt altar of Yredelemnul.
  3033 | D:3      | Found an opulent altar of Gozag.
  3346 | D:4      | Reached XP level 5. HP: 28/28 MP: 8/8
  3375 | D:4      | Noticed a black bear
  3391 | D:4      | Slain by a black bear

Illustrated notes

Levels and vault maps discovered:
D:1:      lemuel_arrival_behind_the_door_large, layout_basic,
          ebering_ecumenical_altar_abandoned, corexii_item_surrounded_by_moat,
          minmay_tromino_v4_a
D:2:      layout_basic, basic_altar, minmay_bisected
D:3:      kennysheep_goblin_castle, layout_loops_ring,
          yredelemnul_altar_generic, grunt_gozag_breadcrumbs
D:4:      layout_loops_ring, old_standard_altar, kennysheep_little_box,
          serial_shops, nicolae_shop_tiny_waterfront, minmay_vboxes

Skill      XL: |  1  2  3 |
---------------+----------+-----
Short Blades   | 2 |  2.8
Stealth        | 5 |  5.6
Armour         | |  0.6
Dodging        | |  2.4
Shields        | |  0.8
Spellcasting   | |  2.6
Hexes          | |  3.6

Action                     |  1- 3 |  4- 6 || total
---------------------------+-------+-------++-------
  Melee: Dagger            |    91 |    61 ||   152
   Cast: Confusing Touch   |       |     1 ||     1
   Stab: Sleeping          |    23 |    14 ||    37
 Armour: Leather armour    |    26 |    27 ||    53
  Dodge: Dodged            |    55 |    50 ||   105
  Block: Buckler           |     4 |    16 ||    20

Table legend: (Time is in decaauts)
 A = Elapsed time spent in this place.
 B = Non-inter-level travel time spent in this place.
 C = Inter-level travel time spent in this place.
 D = Time resting spent in this place.
 E = Time spent auto-exploring this place.
 F = Levels seen in this place.
 G = Mean time per level.
                   A        B        C        D        E       F      G
               +--------+--------+--------+--------+--------+-----+--------+
         Total |   3380 |   3138 |    242 |      0 |   2515 |   4 |  845.0 |
       Dungeon |   3380 |   3138 |    242 |      0 |   2515 |   4 |  845.0 |
               +--------+--------+--------+--------+--------+-----+--------+

Top non-repeatable levels by time:
     D:1: 1369 daAuts
     D:2: 1085 daAuts
     D:3: 805 daAuts
     D:4: 119 daAuts
